[Event "*** Titled Tuesday Blitz"]
[Site "Chess.com"]
[Date "2020.10.20"]
[Round "7"]
[White "anon569"]
[Black "MashaFromRussia"]
[Result "0-1"]
[WhiteElo "2261"]
[BlackElo "2406"]
[TimeControl "180+1"]
[EndTime "11:19:46 PDT"]
[Termination "MashaFromRussia won by resignation"]

1. e4 c5 2. Nf3 Nc6 3. d4 cxd4 4.
Nxd4 Nf6 5. Nc3 e5 6. Ndb5 d6 7. Bg5 a6 8. Na3 b5 9. Nd5 Be7 10. Bxf6 Bxf6 11. c3 O-O 12. Nc2 Bg5 13. a4 bxa4 14.
Rxa4 a5 15. Bc4 Rb8 16. b3 Kh8 17. Nce3 g6 18. O-O f5 19. exf5 gxf5 20. f4 exf4 21. Nxf4 Qb6 22. Qf3 Re8 23. Re1 Ne5 24. Qh5 Nf7 25.
Qxf7 Ba6 26. Nd5 Qc5 27. Bxa6 Bxe3+ 28. Kh1 Rf8 29. Qe6 Bd2 30. Rd1 Rxb3 31. Rh4 Bg5 32. Rh5 Rg8 33. Rxg5 Rxg5 34. Qf6+ Rg7 35. Qf8+ Rg8 36.
Qf6+ Rg7 37. Re1 Rb8 38. Re7 Rb1+ 0-1

[Event "*** Titled Tuesday Blitz"]
[Site "Chess.com"]
[Date "2020.10.20"]
[Round "7"]
[White "ChelsieMonica"]
[Black "szefru"]
[Result "1-0"]
[WhiteElo "2362"]
[BlackElo "2239"]
[TimeControl "180+1"]
[EndTime "11:19:46 PDT"]
[Termination "ChelsieMonica won by checkmate"]

1. e4 Nf6 2. e5 Nd5 3. Nf3 d6 4. d4 g6 5. Bb5+ c6 6. Be2 Bg7 7. O-O O-O 8. h3 dxe5 9. dxe5 Nd7 10. c4 N5b6 11. Bf4 Nc5 12. Nc3 Be6 13. b3 h6 14.
Nd4 a5 15. Rb1 Nbd7 16. Nf3 Bf5 17. Rb2 Ne4 18. Nxe4 Bxe4 19. Qd4 Bxf3 20. Bxf3 Qc8 21. Re2 e6 22. Rd2 Rd8 23. Rfd1 Qc7 24. Qd6 Qxd6 25.
Rxd6 a4 26. Rxd7 Rdb8 27. b4 Bf8 28. c5 a3 29. R1d4 Ra4 30. Bd1 Raa8 31. Bb3 b6 32. cxb6 Rxb6 33. Bd2 Rab8 34. Rc7 c5 35. bxc5 Rb5 36.
Rdd7 Bxc5 37. Rxf7 Bd4 38. Rg7+ Kf8 39. Rcf7+ Ke8 40.
Re7+ Kf8 41. Bxh6 Bxe5 42. Rh7+ Kg8 43. Bxe6# 1-0

[Event "*** Titled Tuesday Blitz"]
[Site "Chess.com"]
[Date "2020.10.20"]
[Round "7"]
[White "ezkybel"]
[Black "chessmachine14"]
[Result "1-0"]
[WhiteElo "2455"]
[BlackElo "2329"]
[TimeControl "180+1"]
[EndTime "11:19:47 PDT"]
[Termination "ezkybel won by checkmate"]

1. b3 e5 2. Bb2 d6 3. e3 Nf6 4. c4 Be7 5. Nc3 O-O 6. g3 Nc6 7. Bg2 a5 8. Nge2 Nb4 9. d4 Bf5 10. O-O Nd3 11. Ba3 e4 12. f3 exf3 13. Rxf3 Bg6 14.
Qd2 Nb4 15. Nf4 Ne4 16. Nxe4 Bxe4 17. Rf2 Bxg2 18. Kxg2 d5 19. c5 Na6 20. Raf1 c6 21.
h4 Nc7 22. h5 Bg5 23. Bc1 Qe7 24. Qd1 Rfe8 25. Qg4 Qe4+ 26. Kh2 h6 27. Qf3 Re7 28.
Qxe4 Rxe4 29. Nh3 f6 30. Nxg5 hxg5 31. Bd2 a4 32. b4 Kf7 33. Kg2 Nb5 34. h6 g6 35.
Rxf6+ Kg8 36. Rf7 Nxd4 37. Rg7+ Kh8 38. exd4 Re2+ 39. Rf2 Rae8 40. Bxg5 Rxf2+ 41. Kxf2 Re4 42. Bf6 g5 43. Rxb7+ Kg8 44. h7+ Kf8 45. h8=Q# 1-0

[Event "*** Titled Tuesday Blitz"]
[Site "Chess.com"]
[Date "2020.10.20"]
[Round "7"]
[White "PriSachu"]
[Black "HanSchut"]
[Result "1-0"]
[WhiteElo "2450"]
[BlackElo "2266"]
[TimeControl "180+1"]
[EndTime "11:19:48 PDT"]
[Termination "PriSachu won on time"]

1. e4 c5 2. Nf3 d6 3. d4 cxd4 4. Nxd4 Nf6 5. Nc3 a6 6. h3 e5 7. Nde2 h5 8. g3 Be6 9. Bg2 Be7 10. a4 Nbd7 11. b3 Rc8 12. O-O O-O 13. Be3 Qa5 14. Qd2 Rfd8 15. Rad1 Bf8 16. f4 Nb8 17.
Bf3 Bxh3 18. Rf2 Bg4 19. f5 Qc7 20. Bg5 Nbd7 21. Qe3 d5 22. Nxd5 Nxd5 23. exd5 Bc5 24. Bxd8 Bxe3 25. Bxc7 Rxc7 26. Kg2 Bxf2 27. Kxf2 Rxc2 28.
d6 Bxf5 29. Bxh5 g6 30. Bf3 b5 31. g4 Be6 32. Bb7 bxa4 33. bxa4 Ra2 34. Bxa6 Rxa4 35.
Bb5 Rxg4 36. Rc1 Kg7 37. Rc7 Nf6 38. d7 Bxd7 39. Bxd7 Ne4+ 40. Kf3 Rf4+ 41. Ke3 Nf6 42. Nxf4 exf4+ 43. Kd4 g5 44. Bc6 g4 45. Ke5 f3 46.
Kf4 1-0

[Event "*** Titled Tuesday Blitz"]
[Site "Chess.com"]
[Date "2020.10.20"]
[Round "7"]
[White "SCIM"]
[Black "gliglu"]
[Result "1/2-1/2"]
[WhiteElo "2474"]
[BlackElo "2345"]
[TimeControl "180+1"]
[EndTime "11:19:49 PDT"]
[Termination "Game drawn by agreement"]

1. d4 Nf6 2. c4 e6 3. Nc3 Bb4 4. Bg5 h6 5. Bh4 c5 6. e3 O-O 7.
Bd3 cxd4 8. exd4 d5 9. cxd5 exd5 10. Ne2 Nc6 11. O-O Be7 12. Rc1 Bg4 13. f3 Be6 14. Bb1 Qd7 15. Qd3 g6 16. Qd2 Kg7 17. g4 Ne4 18. Nxe4 Bxh4 19. Nc5 Qd6 20. Nxb7 Qb4 21.
Qxb4 Nxb4 22. Nc5 Bg5 23. Nxe6+ fxe6 24. Rc7+ Rf7 25. Rxf7+ Kxf7 26. f4 Bf6 27. Rc1 Re8 28.
a3 Na6 29. Kf2 Re7 30. Ke3 Rc7 31. Bd3 Rxc1 32. Nxc1 Nc7 33. b4 g5 34. f5 e5 35. Nb3 Ne8 36. dxe5 Bxe5 37. h3 Nd6 38. Nc5 Bb2 39. a4 Kf6 40. b5 Nc8 41. a5 Ke5 42. b6 axb6 43. Nd7+ Kd6 44. Nxb6 Nxb6 45. axb6 Kc6 46.
Bc2 Kxb6 47. Bb3 Kc5 48. Kd3 Be5 49. Ba4 Kd6 1/2-1/2

[Event "*** Titled Tuesday Blitz"]
[Site "Chess.com"]
[Date "2020.10.20"]
[Round "7"]
[White "GMJustin"]
[Black "chesstrainer2042"]
[Result "0-1"]
[WhiteElo "2275"]
[BlackElo "2455"]
[TimeControl "180+1"]
[EndTime "11:19:49 PDT"]
[Termination "chesstrainer2042 won on time"]

1. d4 d5 2. c4 c6 3. Nc3 Nf6 4. Nf3 e6 5. e3 Nbd7 6. Qc2 Bd6 7. g4 h6 8. Rg1 dxc4 9. Bxc4 b5 10. Bd3 Bb7 11. h4 b4 12. Ne4 Nxe4 13. Bxe4 Qb6 14. g5 h5 15. Nd2 Qc7 16. Nc4 Be7 17. Bd2 c5 18. Ne5 Nxe5 19. dxe5 O-O-O 20. O-O-O Qxe5 21. Bxb7+ Kxb7 22. Qc4 a6 23. Kb1 Qd5 24. Qc2 Qd3 25. e4 c4 26. Be3 Qxc2+ 27. Kxc2 g6 28. f4 Kc6 29. Rgf1 a5 30. Rxd8 Rxd8 31. f5 Rd3 32. fxg6 fxg6 33. Bd2 a4 34. Rf7 b3+ 0-1

[Event "*** Titled Tuesday Blitz"]
[Site "Chess.com"]
[Date "2020.10.20"]
[Round "7"]
[White "korbul"]
[Black "GoltsevDmitry2000"]
[Result "0-1"]
[WhiteElo "2519"]
[BlackElo "2683"]
[TimeControl "180+1"]
[EndTime "11:19:50 PDT"]
[Termination "GoltsevDmitry2000 won by resignation"]

1. e4 c5 2. Nf3 e6 3. d4 cxd4 4. Nxd4 a6 5. Bd3 Qc7 6. Qe2 Nf6 7. O-O Nc6 8. Nxc6 bxc6 9. e5 Nd5 10. a3 d6 11.
exd6 Bxd6 12. g3 Bb7 13. c4 Ne7 14. Nc3 c5 15. Be4 O-O 16. Bg5 h6 17. Be3 Rab8 18.
Rad1 Rfd8 19. Rd2 Be5 20. Bxb7 Rxb7 21. Rxd8+ Qxd8 22. Rd1 Qc7 23. Na4 Qc6 24. Nxc5 Rxb2 25. Rd8+ Kh7 26. Qd3+ f5 27. Nd7 Ng6 28. h4 Qc7 29.
Nc5 Bxg3 30. h5 Ne5 31. Nxe6 Nxd3 32. Nxc7 Nxf2 33. Bd4 Nh3+ 34. Kf1 Bxc7 35. Rd7 Rb1+ 36. Ke2 Nf4+ 37. Kf3 Ne6 38. Bf2 Rb3+ 39. Ke2 Rxa3 40. Re7 Nf4+ 41. Kd2 Ba5+ 42. Kd1 Ra1+ 43. Kc2 Ra2+ 44. Kb3 Rxf2 0-1

[Event "*** Titled Tuesday Blitz"]
[Site "Chess.com"]
[Date "2020.10.20"]
[Round "7"]
[White "Ty3oB"]
[Black "WPWPWP-2015"]
[Result "0-1"]
[WhiteElo "2254"]
[BlackElo "2448"]
[TimeControl "180+1"]
[EndTime "11:19:51 PDT"]
[Termination "WPWPWP-2015 won by resignation"]

1. e4 c5 2. Nf3 d6 3. d4 cxd4 4.
Nxd4 Nf6 5. Nc3 a6 6. Bg5 e6 7. f4 h6 8. Bh4 Qb6 9. Qd2 Be7 10. e5 dxe5 11. fxe5 Ne4 12. Nxe4 Bxh4+ 13. g3 Be7 14. O-O-O O-O 15. Bg2 Rd8 16. Qf4 Bd7 17. Rhf1 Be8 18.
Nf6+ gxf6 19. Qxh6 Rxd4 20. exf6 Bxf6 21. Qxf6 Rxd1+ 22. Rxd1 Qe3+ 23. Kb1 Nd7 24. Qe7 Nf8 25. Qxb7 Ra7 26. Qb4 Rd7 27. Rc1 Qd2 28. Qe4 Ng6 29.
h4 Rd4 30. Qa8 Rd8 31. h5 Rxa8 32. Bxa8 Ne5 33. h6 Nc4 0-1

[Event "*** Titled Tuesday Blitz"]
[Site "Chess.com"]
[Date "2020.10.20"]
[Round "7"]
[White "MuhittinBuker"]
[Black "ShcufNaiRolf"]
[Result "0-1"]
[WhiteElo "2088"]
[BlackElo "2310"]
[TimeControl "180+1"]
[EndTime "11:19:51 PDT"]
[Termination "ShcufNaiRolf won on time"]

1. d4 d5 2. c4 c6 3. Nc3 Nf6 4. cxd5 cxd5 5. Nf3 Nc6 6. Bf4 a6 7. e3 Bg4 8. Be2 e6 9. O-O Bd6 10. Bxd6 Qxd6 11. h3 Bxf3 12. Bxf3 O-O 13. Rc1 Rac8 14. Na4 Rc7 15. Nc5 e5 16. Qd2 Rfc8 17. Rfd1 exd4 18.
exd4 Nxd4 19. Qxd4 Rxc5 20. Rxc5 Qxc5 21. Bxd5 Qc7 22.
Bb3 h6 23. g3 Re8 24. Kg2 Qc6+ 25. Kh2 Qf3 26. Rd2 h5 27. Bd1 Qc6 28. Qd3 Qe6 29. Bf3 Ne4 0-1

[Event "*** Titled Tuesday Blitz"]
[Site "Chess.com"]
[Date "2020.10.20"]
[Round "7"]
[White "crazy_but_lazy"]
[Black "sotochess"]
[Result "0-1"]
[WhiteElo "2466"]
[BlackElo "2632"]
[TimeControl "180+1"]
[EndTime "11:19:52 PDT"]
[Termination "sotochess won on time"]

1. d4 Nf6 2. c4 c5 3. Nf3 g6 4. g3 Bg7 5. Bg2 O-O 6. O-O d6 7. Nc3 Nc6 8. d5 Na5 9. Nd2 a6 10. Qc2 Rb8 11. b3 b5 12. Bb2 e6 13. dxe6 Bxe6 14. cxb5 axb5 15. Nce4 Nxe4 16. Nxe4 Bxb2 17. Qxb2 f5 18. Nc3 b4 19. Nd5 c4 20. bxc4 Nxc4 21.
Qd4 Na3 22. Rac1 Nb5 23. Qxb4 Re8 24. Rfd1 Bf7 25. a4 Nc7 26. Qd2 Nxd5 27. Bxd5 Rb6 28. Bc6 Re5 29. Qxd6 Qxd6 30. Rxd6 Rxe2 31. Bb5 Rxd6 32.
Bxe2 Rd2 33. Bb5 Ra2 34. Rd1 Bb3 35. Rd8+ Kg7 36. Kf1 Bxa4 0-1

[Event "*** Titled Tuesday Blitz"]
[Site "Chess.com"]
[Date "2020.10.20"]
[Round "7"]
[White "SamuelGhimpu2003"]
[Black "AniJak"]
[Result "1-0"]
[WhiteElo "2570"]
[BlackElo "2397"]
[TimeControl "180+1"]
[EndTime "11:19:52 PDT"]
[Termination "SamuelGhimpu2003 won by resignation"]

1. d4 d5 2. Nc3 f5 3. Bg5 g6 4. e3 Bg7 5. h4 Nf6 6. h5 Nxh5 7. Rxh5 gxh5 8. Qxh5+ Kf8 9. O-O-O Be6 10. Nf3 Nc6 11.
Bd3 Qe8 12. Qh3 Qf7 13. a3 f4 14. Qh2 fxe3 15. fxe3 Kg8 16. Qxc7 Rc8 17. Qxb7 h6 18. Bf4 Bf6 19. Bb5 Na5 20. Qxa7 Nc4 21. Bxc4 Rxc4 22. Ne5 Bxe5 23. Bxe5 Rh7 24. Kb1 Qe8 25. e4 dxe4 26.
d5 Bg4 27. Re1 e6 28. Qa5 exd5 29. Qxd5+ Be6 30. Qd2 Qd7 31. Qf4 Qf7 32. Qg3+ Kf8 33. Nxe4 Bf5 34. Bd6+ Ke8 35. Qe5+ Kd8 36. Nc3 Rxc3 37.
Qxc3 Qb7 38. Qf6+ Kd7 39. Qxf5+ Kxd6 40. Re6+ Kc7 41. Qxh7+ Kb8 42. Qxb7+ Kxb7 43. Rxh6 1-0

[Event "*** Titled Tuesday Blitz"]
[Site "Chess.com"]
[Date "2020.10.20"]
[Round "7"]
[White "jlmanzanares"]
[Black "Egorov_Pavel"]
[Result "0-1"]
[WhiteElo "2244"]
[BlackElo "2396"]
[TimeControl "180+1"]
[EndTime "11:19:52 PDT"]
[Termination "Egorov_Pavel won by checkmate"]

1. e4 Nf6 2. e5 Nd5 3. d4 d6 4. Nf3 g6 5. Bc4 Nb6 6. Bd3 Bg7 7.
exd6 cxd6 8. O-O O-O 9. c4 Bg4 10. Be3 Nc6 11. d5 Bxf3 12. Qxf3 Bxb2 13. Nd2 Ne5 14. Qe2 Nxd3 15. Qxd3 Bg7 16. Rab1 Rc8 17. h3 Qc7 18. Rfc1 Be5 19. Bxb6 axb6 20. Rb5 Ra8 21. Qb1 Ra6 22. Rc2 Rfa8 23. Nf3 Bf6 24. Nh2 Bd4 25. Nf3 Bc5 26. Rbb2 Qd7 27. Re2 Ra3 28. Qe1 Rxf3 29.
gxf3 Qxh3 30. Rxe7 Qg3+ 31. Kf1 Qh3+ 32. Ke2 Ra3 33.
Re8+ Kg7 34. Rd2 Qxf3+ 35. Kf1 Qh1+ 36. Ke2 Qh5+ 37. Kf1 Rh3 38. Qa1+ Kh6 39. Kg2 Qf3+ 40. Kf1 Rh1# 0-1

[Event "*** Titled Tuesday Blitz"]
[Site "Chess.com"]
[Date "2020.10.20"]
[Round "7"]
[White "aisha_zakirova"]
[Black "oneshot007"]
[Result "0-1"]
[WhiteElo "2166"]
[BlackElo "2317"]
[TimeControl "180+1"]
[EndTime "11:19:52 PDT"]
[Termination "oneshot007 won on time"]

1. d4 Nf6 2. c4 e6 3. Nf3 d5 4.
Nc3 dxc4 5. e3 a6 6. Bxc4 b5 7.
Bd3 Bb7 8. O-O c5 9. dxc5 Bxc5 10. a3 Nc6 11. b4 Bd6 12. Bb2 Ne5 13. Nxe5 Bxe5 14. Rc1 O-O 15. Qe2 Rc8 16. Rfd1 Qe7 17. h3 h5 18. Bb1 h4 19. f4 Bb8 20. Qf2 Nh5 21. Kh2 Ng3 22. Ne2 Ne4 23. Qf3 Nc3 24. Qg4 f5 25. Qg6 Nxd1 26. Rxd1 Rfd8 27. Rxd8+ Rxd8 28. Ba2 Bd5 29. Bxd5 Rxd5 30. Nd4 Qf7 31.
Qg5 e5 32. Nxf5 exf4 0-1

[Event "*** Titled Tuesday Blitz"]
[Site "Chess.com"]
[Date "2020.10.20"]
[Round "7"]
[White "TrimitziosP7"]
[Black "eljanov"]
[Result "1/2-1/2"]
[WhiteElo "2770"]
[BlackElo "2882"]
[TimeControl "180+1"]
[EndTime "11:19:53 PDT"]
[Termination "Game drawn by agreement"]

1. e4 e5 2. Bc4 Nf6 3. d4 exd4 4. Nf3 Nxe4 5. Qxd4 d5 6. Bxd5 Nf6 7. Bxf7+ Kxf7 8. Qxd8 Bb4+ 9. Qd2 Re8+ 10. Kf1 Bxd2 11. Bxd2 Nc6 12. Nc3 Bf5 13. Rc1 Rad8 14. h3 Nb4 15. g4 Bxc2 16. a3 Bd3+ 17. Kg2 Nbd5 18.
Rhe1 Kg8 19. Ne5 Ba6 20. f4 Nxc3 21. Bxc3 Nd5 22. Kg3 c6 23. f5 Nxc3 24. Rxc3 Rd2 25.
b4 h6 26. h4 Rd5 27. Nf3 Rxe1 28. Nxe1 h5 29. Ng2 hxg4 30. Kxg4 Rd3 31. Rxd3 Bxd3 32. Kf4 Kf7 33. Ke5 b6 34. Nf4 Bc2 35. Ne6 Ba4 36.
Ng5+ Ke7 37. Ne4 Bc2 38. f6+ gxf6+ 39. Nxf6 c5 40. bxc5 bxc5 41. h5 c4 42. h6 c3 43.
Nd5+ Kf7 44. Nxc3 Kg6 45. Nb5 a5 46. Nd4 Bd1 47. Nf5 Bc2 48. Ne3 Bb3 49. Kd4 Kxh6 50.
Kc5 Kg6 51. Kb5 a4 52. Nf1 Kf6 53. Nd2 Ke5 54. Kb4 Bd1 55. Nc4+ Kd4 56. Nb2 Bb3 57. Nxa4 Bxa4 58. Kxa4 Kc4 1/2-1/2

[Event "*** Titled Tuesday Blitz"]
[Site "Chess.com"]
[Date "2020.10.20"]
[Round "7"]
[White "MalyDominator"]
[Black "AntonovaNadezhda"]
[Result "1-0"]
[WhiteElo "2374"]
[BlackElo "2099"]
[TimeControl "180+1"]
[EndTime "11:19:53 PDT"]
[Termination "MalyDominator won by checkmate"]

1. e4 c5 2. Nf3 d6 3. d4 cxd4 4. Nxd4 Nf6 5. Nc3 a6 6. f3 e5 7. Nb3 Be7 8. Be3 h5 9. Qd2 Be6 10. Nd5 Bxd5 11. exd5 Nbd7 12. c4 Qc7 13. Be2 Rc8 14.
Qa5 O-O 15. Qxc7 Rxc7 16. O-O b5 17. Rac1 bxc4 18. Bxc4 Rb8 19. Bf2 a5 20. Nxa5 Rxb2 21. Nc6 Bf8 22. Rb1 Rxb1 23. Rxb1 e4 24. f4 Ng4 25.
Bd4 h4 26. h3 Nh6 27. a4 Nf5 28. Bf2 e3 29. Be1 g6 30. a5 Nd4 31. a6 Nxc6 32.
dxc6 Rxc6 33. a7 Rc8 34. Bd5 Bg7 35. a8=Q Rxa8 36. Bxa8 Bd4 37. Bf3 Nc5 38. Kf1 Kg7 39. Ke2 Kf6 40. Rd1 Bb2 41. Rxd6+ Kf5 42. Rd5+ Kxf4 43.
Rxc5 Be5 44. Bxh4 f5 45. g3# 1-0

[Event "*** Titled Tuesday Blitz"]
[Site "Chess.com"]
[Date "2020.10.20"]
[Round "7"]
[White "paulrusan"]
[Black "ThePatrick27"]
[Result "0-1"]
[WhiteElo "2240"]
[BlackElo "2565"]
[TimeControl "180+1"]
[EndTime "11:19:54 PDT"]
[Termination "ThePatrick27 won by resignation"]

1. e4 e5 2. Nf3 Nc6 3. Bc4 Bc5 4. b4 Bxb4 5. c3 Be7 6. d4 Na5 7. Be2 exd4 8. Qxd4 Nf6 9. e5 Nc6 10. Qh4 Nd5 11.
Qg3 O-O 12. O-O Re8 13. Rd1 Nb6 14. c4 d6 15. Nc3 Bf5 16. c5 Nc8 17. Nd5 Bg6 18. Bb5 Bf8 19. Bg5 Qd7 20. Rac1 a6 21.
Ba4 N8e7 22. cxd6 Nxd5 23. Rxd5 cxd6 24. exd6 Be4 25. Bxc6 bxc6 26. Rd4 Bd5 27. Rg4 Qxd6 28. Bf4 Qa3 29. Rd1 g6 30. h4 Qa4 31. Rd4 Qxa2 32.
h5 Bxf3 33. hxg6 hxg6 34. Rxg6+ fxg6 35. Qxg6+ Bg7 36. Bh6 Qa1+ 37. Kh2 Qxd4 38. gxf3 Qe5+ 39. Kg2 Re6 40. Qxg7+ Qxg7+ 41. Bxg7 Kxg7 0-1

[Event "*** Titled Tuesday Blitz"]
[Site "Chess.com"]
[Date "2020.10.20"]
[Round "7"]
[White "VladimirBugayev"]
[Black "pfalcon1949"]
[Result "1/2-1/2"]
[WhiteElo "2297"]
[BlackElo "1980"]
[TimeControl "180+1"]
[EndTime "11:19:54 PDT"]
[Termination "Game drawn by repetition"]

1. e4 c6 2. Nc3 d5 3. Nf3 Bg4 4. h3 Bxf3 5. Qxf3 e6 6. d3 Nd7 7. Bd2 Qb6 8. O-O-O d4 9. Ne2 Bc5 10. Qg3 g6 11. f4 O-O-O 12. h4 f5 13. h5 Ne7 14.
Ng1 Kb8 15. Nf3 Ka8 16. Be2 fxe4 17. dxe4 Bb4 18. Ng5 Bxd2+ 19. Rxd2 Nc5 20. Nf7 Qa5 21. Qa3 Qxa3 22. bxa3 Nxe4 23. Nxh8 Nxd2 24. Nxg6 hxg6 25. Kxd2 gxh5 26. Rxh5 a6 27. g4 Nd5 28. f5 Nf4 29.
Rh6 exf5 30. gxf5 Rf8 31. Bg4 c5 32. f6 Ka7 33. Bf3 a5 34. Rh7 Rb8 35. f7 Rf8 36. Be2 Nxe2 37. Kxe2 Kb6 38. Kd3 Kc7 39. Kc4 b6 40.
Kb5 Kb7 41. Rg7 Kc7 42. Rh7 Kb7 43. a4 Kc7 44. Rg7 Kb7 45. Rh7 Ka7 46. Rg7 Kb7 47. Rh7 1/2-1/2

[Event "*** Titled Tuesday Blitz"]
[Site "Chess.com"]
[Date "2020.10.20"]
[Round "7"]
[White "aloe_normansen"]
[Black "bazar-wokzal"]
[Result "1-0"]
[WhiteElo "2357"]
[BlackElo "2498"]
[TimeControl "180+1"]
[EndTime "11:19:55 PDT"]
[Termination "aloe_normansen won by checkmate"]

1. e4 Nc6 2. Nf3 d5 3. exd5 Qxd5 4. Nc3 Qa5 5. d4 Bg4 6. Bb5 O-O-O 7. Bxc6 bxc6 8. h3 Qh5 9. Qe2 Bxf3 10. gxf3 e6 11. Be3 Bb4 12. Qa6+ Kd7 13. Qc4 Qb5 14. Qb3 Rb8 15.
O-O-O Bxc3 16. Qxc3 Ne7 17. d5 cxd5 18. Qxg7 c5 19.
Bf4 Rhg8 20. Qe5 Rb7 21. b3 Rg2 22. c4 Qb4 23. cxd5 exd5 24. Rhe1 Kc6 25. Qd6+ Kb5 26.
Rxe7 Rxe7 27. a4+ Ka5 28. Bd2 Qxd2+ 29. Rxd2 Re1+ 30. Kc2 Kb4 31. Qxd5 Ka3 32. Qxc5+ Ka2 33. Kd3+ Ka1 34. Qc3+ Kb1 35. Qb2# 1-0

[Event "*** Titled Tuesday Blitz"]
[Site "Chess.com"]
[Date "2020.10.20"]
[Round "7"]
[White "ajedrezhoy"]
[Black "akanga001"]
[Result "1-0"]
[WhiteElo "2214"]
[BlackElo "1873"]
[TimeControl "180+1"]
[EndTime "11:19:55 PDT"]
[Termination "ajedrezhoy won on time"]

1. d4 d5 2. c4 e6 3. Nf3 Nf6 4. Nbd2 Be7 5. e3 O-O 6. b3 c5 7.
Bb2 Nc6 8. Bd3 cxd4 9. exd4 Nb4 10.
Be2 dxc4 11. bxc4 b6 12. O-O Bb7 13. Ne5 Rc8 14. a3 Nc6 15. Bf3 Na5 16. Bxb7 Nxb7 17.
Qf3 Na5 18. Rfd1 Nd7 19. Ng4 Nxc4 20. Nxc4 Rxc4 21. d5 Rc2 22. dxe6 fxe6 23. Qb3 Rc6 24. Ne5 Rd6 25. Rxd6 Bxd6 26. Qxe6+ Kh8 27. Nxd7 Bxh2+ 28. Kxh2 Qh4+ 29. Qh3 Qf4+ 30. Kh1 Rd8 31. Ne5 Qxf2 32. Ng6+ Kg8 33. Qb3+ Qf7 34. Ne7+ Kf8 35. Qxf7+ Kxf7 36. Nc6 Rd2 37. Rf1+ Ke6 38. Bxg7 Ra2 39. Bf8 Kd7 40.
Nxa7 Kc7 41. Nb5+ Kc6 42. Nd4+ Kd5 43. Nf3 Ke4 44. Bb4 Ke3 45. Kh2 h5 46. Kg3 Ke2 47. Rf2+ Kd3 48. Rxa2 1-0

[Event "*** Titled Tuesday Blitz"]
[Site "Chess.com"]
[Date "2020.10.20"]
[Round "7"]
[White "cassoulet"]
[Black "MokshanovAlexey"]
[Result "0-1"]
[WhiteElo "2682"]
[BlackElo "2555"]
[TimeControl "180+1"]
[EndTime "11:19:56 PDT"]
[Termination "MokshanovAlexey won by checkmate"]

1. e4 e6 2. d4 d5 3. Bd3 Nf6 4. e5 Nfd7 5. f4 c5 6. c3 Nc6 7. Nf3 Qb6 8. O-O cxd4 9. cxd4 Nxd4 10. Nxd4 Qxd4+ 11. Kh1 a6 12. Nc3 g6 13. a3 Be7 14. Qe2 Qa7 15. Bd2 Nc5 16. Bc2 Bd7 17. Be3 Qb8 18. b4 Ne4 19. Nxe4 dxe4 20. Bxe4 Bc6 21. Bxc6+ bxc6 22. Rac1 Qb5 23. Qf3 a5 24. Rxc6 O-O 25. Rc7 Bd8 26. Rb7 Qd3 27. Bc5 Qxf3 28. Rxf3 Re8 29. b5 a4 30. g3 Ba5 31. Rd3 Rec8 32. Be7 Rc2 33. Rdd7 Rb2 34. Bf6 Rc8 35. Rd1 h6 36. h4 g5 37. fxg5 Rcc2 38. Rb8+ Kh7 39.
g6+ Kxg6 40. Rg8+ Kf5 41. Rf1+ Ke4 42. Rg4+ Ke3 43. Rd1 Kf3 44. Kg1 Kxg4 45. Rd4+ Kh3 46. Rd1 Rg2+ 47. Kh1 Rh2+ 48. Kg1 Bb6+ 49. Kf1 Rh1# 0-1

[Event "*** Titled Tuesday Blitz"]
[Site "Chess.com"]
[Date "2020.10.20"]
[Round "7"]
[White "Sashadav97"]
[Black "ChessWarrior7197"]
[Result "1-0"]
[WhiteElo "2665"]
[BlackElo "2990"]
[TimeControl "180+1"]
[EndTime "11:19:57 PDT"]
[Termination "Sashadav97 won by checkmate"]

1. Nf3 e6 2. c4 b6 3. g3 Bb7 4. Bg2 f5 5. O-O Nf6 6. b3 Be7 7. Bb2 O-O 8. d3 Qe8 9. Nbd2 Qh5 10. Re1 Na6 11. a3 Bd6 12. b4 f4 13. e4 fxe3 14. fxe3 Ng4 15. e4 Qh6 16. Qe2 Nxh2 17. Nxh2 Bxg3 18. Ndf3 Bxe1 19. Rxe1 d6 20. Kh1 c5 21.
Rg1 e5 22. Bc1 Qh5 23. Qf2 Nc7 24. Qg3 Ne6 25. Bh3 Kh8 26. Bxe6 Rg8 27. Bxg8 Rxg8 28. b5 Bc8 29. Bg5 Qf7 30. Nh4 Rf8 31. Rf1 Qe8 32.
Rxf8+ Qxf8 33. Qf3 Qe8 34. Be3 Be6 35. Nf5 Qg6 36.
Nxd6 h5 37. Nf5 Kh7 38. Nf1 Qf6 39. Qxh5+ Kg8 40. N1g3 g6 41. Qh6 Bf7 42. Bg5 Qh8 43. Ne7# 1-0

[Event "*** Titled Tuesday Blitz"]
[Site "Chess.com"]
[Date "2020.10.20"]
[Round "7"]
[White "A-S-00"]
[Black "Koalaskakistis"]
[Result "0-1"]
[WhiteElo "2295"]
[BlackElo "2463"]
[TimeControl "180+1"]
[EndTime "11:19:57 PDT"]
[Termination "Koalaskakistis won on time"]

1. d4 f5 2. c4 Nf6 3. g3 e6 4.
Bg2 Be7 5. Nf3 O-O 6. O-O d6 7. b3 Ne4 8. Bb2 Bf6 9. Nbd2 Nc6 10. e3 Nxd2 11. Qxd2 e5 12. Ne1 Qe7 13. Nc2 a5 14. dxe5 dxe5 15. Ba3 Qf7 16. Bxf8 Qxf8 17. Bd5+ Kh8 18.
Rad1 e4 19. f3 Ne5 20. fxe4 c6 21. exf5 cxd5 22. cxd5 Bd7 23. Nd4 Qd6 24. Ne6 a4 25. Qc2 axb3 26. axb3 h5 27. Qc7 Qb4 28. Qc2 h4 29. Rf4 Qb6 30. Qf2 Bb5 31. Rb4 h3 32.
Nd4 Nd3 33. Qd2 Bxd4 34. Rxd4 Ne5 35. Rh4+ Kg8 36. Qf2 Ra2 37. Qxa2 Qxe3+ 38. Kh1 Qf3+ 0-1

[Event "*** Titled Tuesday Blitz"]
[Site "Chess.com"]
[Date "2020.10.20"]
[Round "7"]
[White "googlegoom"]
[Black "vaishali2001"]
[Result "1-0"]
[WhiteElo "2376"]
[BlackElo "2562"]
[TimeControl "180+1"]
[EndTime "11:19:57 PDT"]
[Termination "googlegoom won on time"]

1. Nf3 Nf6 2. b3 b6 3. Bb2 Bb7 4. e3 g6 5. Be2 Bg7 6. O-O O-O 7.
d4 c5 8. Nbd2 d6 9. c4 Nbd7 10.
Qc2 a6 11. Rac1 Qc7 12. Qb1 e5 13. dxe5 dxe5 14. Rfd1 e4 15. Ne1 h5 16. h3 Rad8 17. Qa1 Rfe8 18. Nb1 Re6 19. Nc3 Nf8 20. Rxd8 Qxd8 21.
Rd1 Rd6 22. Rxd6 Qxd6 23. Na4 N8d7 24. Qd1 Ne8 25. Bxg7 Kxg7 26. Qxd6 Nxd6 27. h4 Kf6 28. g3 Ke5 29. Kf1 b5 30. cxb5 axb5 31. Nc3 b4 32.
Nd1 Nb6 33. Nb2 Bd5 34. Nc2 f6 35.
Ke1 Bf7 36. Kd2 g5 37. Na4 Nxa4 38. bxa4 Bxa2 39. a5 Nc4+ 40. Kc1 Nxa5 41. Bxh5 gxh4 42. gxh4 b3 43. Na3 c4 44. Kb2 Kd5 45. Bf7+ Kc5 46. h5 Kb4 47. Nxc4 Nb7 48. h6 Nc5 49. Nd2 Nd3+ 50. Ka1 Ka3 51. Bxb3 1-0

[Event "*** Titled Tuesday Blitz"]
[Site "Chess.com"]
[Date "2020.10.20"]
[Round "7"]
[White "MarkkuH"]
[Black "mirceaparligras"]
[Result "0-1"]
[WhiteElo "2400"]
[BlackElo "2655"]
[TimeControl "180+1"]
[EndTime "11:19:58 PDT"]
[Termination "mirceaparligras won on time"]

1. e4 c5 2. Nf3 d6 3. d4 cxd4 4. Nxd4 Nf6 5. Nc3 a6 6. Bg5 e6 7. f4 Qc7 8. Bxf6 gxf6 9. f5 Nc6 10. Bc4 b5 11. Bb3 Nxd4 12. Qxd4 Rg8 13. g3 Qc5 14.
O-O-O Bh6+ 15. Kb1 Qxd4 16. Rxd4 Ke7 17. Rhd1 Rd8 18. a4 bxa4 19. Nxa4 Rb8 20. Nc3 Be3 21.
R4d3 Bc5 22. g4 Bd7 23. Rh3 Rh8 24. Rf1 Bd4 25. Rd3 Be5 26. h3 h5 27. Rg1 hxg4 28. hxg4 Rb4 29. g5 fxg5 30. Rxg5 Rh1+ 31. Ka2 a5 32.
fxe6 fxe6 33. Rg4 a4 34. Bd5 a3 35. bxa3 Rb8 36. Bb3 Rc8 0-1

[Event "*** Titled Tuesday Blitz"]
[Site "Chess.com"]
[Date "2020.10.20"]
[Round "7"]
[White "Margency"]
[Black "Anna_ChessMate"]
[Result "0-1"]
[WhiteElo "2680"]
[BlackElo "2550"]
[TimeControl "180+1"]
[EndTime "11:19:59 PDT"]
[Termination "Anna_ChessMate won by checkmate"]

1. e4 c6 2. d4 d5 3. exd5 cxd5 4. c4 Nf6 5. Nc3 Nc6 6. Bg5 Be6 7. a3 g6 8. Bxf6 exf6 9. cxd5 Bxd5 10. Qe2+ Ne7 11. Nxd5 Qxd5 12. Qb5+ Qxb5 13. Bxb5+ Kd8 14. Ne2 f5 15.
O-O-O Bg7 16. Nc3 Rc8 17. Kb1 a6 18. Ba4 Nc6 19. Rhe1 Rc7 20. d5 Nd4 21. Rd3 b5 22. Bd1 Re8 23. Ree3 Rd7 24. b4 Rxe3 25. fxe3 Nc6 26.
Ne2 Ne5 27. Rd2 Nc4 28. Rd3 Re7 29. Nd4 Bxd4 30. exd4 Re1 31. Ka2 Kd7 32. Bf3 Kd6 33. a4 Re3 34. Rxe3 Nxe3 35. axb5 axb5 36. Kb3 Nxd5 37.
Be2 Nc7 38. Kc3 f6 39. h4 h6 40. Bd3 h5 41. Kb3 Kc6 42. Kc3 Nd5+ 43. Kb3 Nf4 44. Bf1 g5 45. g3 Ne6 46. d5+ Kxd5 47. Bxb5 Nd4+ 48. Ka4 Nxb5 49. Kxb5 f4 50. gxf4 gxf4 51.
Ka6 f3 52. b5 f2 53. b6 f1=Q+ 54. Ka7 Kc6 55. b7 Qa1+ 56. Kb8 Qb2 57. Kc8 Qxb7+ 58.
Kd8 Qd7# 0-1